 Dungeon Crawl Stone Soup version 0.21.0 (webtiles) character file.

49 DasRunzen the Sneak (level 3, -1/31 HPs)
             Began as a Gnoll Wanderer on Jan 7, 2018.
             Slain by Terence
             ... wielding a +0 flail
              (6 damage)
             ... on level 2 of the Dungeon.
             The game lasted 00:01:45 (831 turns).

DasRunzen the Sneak (Gnoll Wanderer)                 Turns: 831, Time: 00:01:46

Health: -1/31      AC:  4    Str: 15    XL:     3   Next: 77%
Magic:  4/4        EV: 11    Int: 15    God:
Gold:   54         SH:  0    Dex: 13    Spells: 3/3 levels left

rFire    . . .     SeeInvis .   a - +3 quarterstaff
rCold    . . .     Gourm    .   (shield currently unavailable)
rNeg     . . .     Faith    .   d - +0 robe
rPois    .         Spirit   .   (no helmet)
rElec    .         Reflect  .   (no cloak)
rCorr    .         Harm     .   i - +0 pair of gloves
MR       .....                  j - +0 pair of boots
Stlth    +++.......             (no amulet)
HPRegen  0.10/turn              (no ring)
MPRegen  0.09/turn              (no ring)

@: no status effects
A: distributed training, fangs 1, strong nose
a: no special abilities


You were on level 2 of the Dungeon.
You were not hungry.

You visited 1 branch of the dungeon, and saw 2 of its levels.

You collected 54 gold pieces.

Inventory:

Hand Weapons
 a - a +3 quarterstaff (weapon)
 e - a +0 dagger
Armour
 d - a +0 robe (worn)
 i - a +0 pair of gloves (worn)
 j - a +0 pair of boots (worn)
Scrolls
 b - a scroll of teleportation
 g - a scroll of remove curse
 m - a scroll of amnesia
 n - a scroll of enchant armour {unknown}
Potions
 c - a potion of curing
 h - a potion of brilliance {unknown}
 k - a potion of haste {unknown}
 l - a potion of magic {unknown}
 o - a potion of heal wounds {unknown}
 p - 3 potions of lignification {unknown}
Comestibles
 f - 5 rations


   Skills:
 + Level 4.5 Fighting
 + Level 0.9 Short Blades
 + Level 0.9 Long Blades
 + Level 0.9 Axes
 + Level 0.9 Maces & Flails
 + Level 0.9 Polearms
 + Level 2.6 Staves
 + Level 0.9 Slings
 + Level 2.6 Bows
 + Level 0.9 Crossbows
 + Level 0.9 Throwing
 + Level 4.5 Armour
 + Level 0.9 Dodging
 + Level 6.0 Stealth
 + Level 0.9 Shields
 + Level 0.9 Unarmed Combat
 + Level 0.9 Spellcasting
 + Level 0.6 Conjurations
 + Level 0.6 Hexes
 + Level 0.6 Charms
 + Level 0.6 Summonings
 + Level 0.6 Necromancy
 + Level 0.6 Translocations
 + Level 0.6 Transmutations
 + Level 0.6 Fire Magic
 + Level 0.6 Ice Magic
 + Level 0.6 Air Magic
 + Level 0.6 Earth Magic
 + Level 0.6 Poison Magic
 + Level 1.0 Invocations
 + Level 2.6 Evocations


You had 3 spell levels left.
You didn't know any spells.

Dungeon Overview and Level Annotations

Branches:
Dungeon (2/15)

Altars:

Annotations:
D:2 Terence


Innate Abilities, Weirdness & Mutations

Your experience applies equally to all skills.
You have very sharp teeth.
Your uncanny sense of smell can sniff out nearby items.


Message History

Terence is heavily wounded.
Terence hits you but does no damage.
You hit Terence but do no damage.
Terence is heavily wounded.
Terence hits you but does no damage.
You hit Terence but do no damage.
Terence is heavily wounded.
Terence hits you with a flail.
You closely miss Terence. You bite Terence, but do no damage.
Terence is heavily wounded.
Terence hits you with a flail!
* * * LOW HITPOINT WARNING * * *
You hit Terence. You bite Terence.
Terence is almost dead.
Terence hits you with a flail.
* * * LOW HITPOINT WARNING * * *
You hit Terence.
Terence is almost dead.
Terence hits you with a flail.
You die...

#.#......##.#..#
#.........#.#..#
#..#...<..#.#..#
#..#.....##.#..#
#..#..#...#.#.>.
#..#..#.#.#.####
#####..#..#.#.#.#
#...#..#..#.#.#.#
#.@@...#..#.#.#
#.#....#..#.# #
#########.# .<. ∆


You could see Terence.

Vanquished Creatures
  Jessica (D:2)
  3 bats
  A giant cockroach (D:1)
  A goblin (D:1)
  5 hobgoblins (D:1)
  2 jackals (D:1)
  A frilled lizard (D:1)
  3 kobolds (D:1)
  5 rats (D:1)
22 creatures vanquished.

Notes
Turn   | Place    | Note
-------+----------+-------------------------------------------
     0 | D:1      | DasRunzen the Gnoll Wanderer began the quest for the Orb.
     0 | D:1      | DasRunzen set off with: a +2 quarterstaff, a scroll of teleportation, a potion of curing, a +0 robe, a +0 dagger, a ration
     0 | D:1      | Reached XP level 1. HP: 20/20 MP: 2/2
    51 | D:1      | Reached XP level 2. HP: 11/26 MP: 3/3
   777 | D:2      | Noticed Jessica
   780 | D:2      | Killed Jessica
   780 | D:2      | Reached skill level 6 in Stealth
   780 | D:2      | Reached skill level 1 in Invocations
   780 | D:2      | Reached XP level 3. HP: 31/31 MP: 4/4
   818 | D:2      | Noticed Terence
   831 | D:2      | Slain by Terence

Skill      XL: |  1  2 |
---------------+-------+-----
Stealth        | 6 |  6.0
Invocations    | 1 |  1.0
Fighting       | |  4.5
Short Blades   | |  0.9
Long Blades    | |  0.9
Axes           | |  0.9
Maces & Flails | |  0.9
Polearms       | |  0.9
Staves         | |  2.6
Slings         | |  0.9
Bows           | |  2.6
Crossbows      | |  0.9
Throwing       | |  0.9
Armour         | |  4.5
Dodging        | |  0.9
Shields        | |  0.9
Unarmed Combat | |  0.9
Spellcasting   | |  0.9
Conjurations   | |  0.6
Hexes          | |  0.6
Charms         | |  0.6
Summonings     | |  0.6
Necromancy     | |  0.6
Translocations | |  0.6
Transmutations | |  0.6
Fire Magic     | |  0.6
Ice Magic      | |  0.6
Air Magic      | |  0.6
Earth Magic    | |  0.6
Poison Magic   | |  0.6
Evocations     | |  2.6

Action                   || total
-------------------------++-------
Melee: Quarterstaff      ||    54
       Bite              ||     3
  Use: Scroll            ||     6
 Stab: Sleeping          ||     2
Armor: Robe              ||    16
Dodge: Dodged            ||    31
